 Dungeon Crawl Stone Soup version 0.28.0-1-gb440e238dd (webtiles) character file.

Game seed: 14036267115255087434

2 kittymaster the Vexing (level 1, 0/7 HPs)
             Began as a Felid Enchanter on Feb 22, 2022.
             Slain by a goblin (4 damage)
             ... on level 1 of the Dungeon.
             The game lasted 00:01:00 (65 turns).

kittymaster the Vexing (Felid Enchanter)              Turns: 65, Time: 00:01:00

Health: 0/7        AC:  1    Str:  4    XL:     1   Next: 25%
Magic:  4/4        EV: 17    Int: 16    God:
Gold:   0          SH:  0    Dex: 16    Spells: 4/4 levels left
                                        Lives:  0   Deaths: 0

rFire   . . .      SeeInvis +     - Unarmed
rCold   . . .      Faith    .   (shield unavailable)
rNeg    . . .      Spirit   .   (armour unavailable)
rPois   .          Reflect  .   (helmet unavailable)
rElec   .          Harm     .   (cloak unavailable)
rCorr   .          Rampage  .   (gloves unavailable)
Will    .....                   (boots unavailable)
Stlth   +++.......              (no amulet)
HPRegen 0.02/turn               (no ring)
MPRegen 0.09/turn               (no ring)

@: quick
A: very small, claws 1, fangs 3, see invisible, speed 1, shaggy fur 1, stealthy
paws, no weapons or thrown items, no armour, multi-lived
a: no special abilities


You were on level 1 of the Dungeon.
You visited 1 branch of the dungeon, and saw 1 of its levels.

Inventory:

Jewellery
 b - a ring of protection from cold
Potions
 a - a potion of invisibility


   Skills:
 + Level 2.8 Dodging
 + Level 4.0 Stealth
 + Level 1.0 Unarmed Combat
 + Level 2.0 Spellcasting
 + Level 4.5 Hexes


You had 4 spell levels left.
You didn't know any spells.
Your spell library contained the following spells:

 Spells                   Type           Power      Damage    Failure   Level
 Confusing Touch          Hex            16%        N/A       10%         3
 Tukima's Dance           Hex            16%        N/A       10%         3
 Ensorcelled Hibernation  Hex/Ice        16%        N/A       12%         2
 Dazzling Flash           Conj/Hex       16%        N/A       24%         3


Dungeon Overview and Level Annotations

Branches:
Dungeon (1/15)

Altars:


Innate Abilities, Weirdness & Mutations

You have sharp claws.
You have razor-sharp teeth.
You have supernaturally acute eyesight. (SInv)
You cover ground quickly. (Speed+)
You are covered in fur. (AC +1)
Your paws help you pounce on unaware monsters.
You are incapable of wielding weapons or throwing items.
You cannot wear armour.
You gain extra lives every three experience levels.


Message History

Welcome, kittymaster the Felid Enchanter.
It is said that the Orb of Zot exists deep within this dungeon.
Press ? for a list of commands and other information.
Found a staircase leading out of the dungeon.
The komodo dragon hisses angrily.
You hear an angry hiss.
Found a copper ring.
A frilled lizard comes into view.
You see here a ring of protection from cold.
The frilled lizard hisses angrily.
b - a ring of protection from cold You scratch the frilled lizard but do no damage.
The frilled lizard bites you.
You scratch the frilled lizard but do no damage.
The frilled lizard closely misses you.
You scratch the frilled lizard.
You kill the frilled lizard!
Found a thin jewelled staff.
A quokka comes into view.
Found a kite shield.
The quokka closely misses you.
You closely miss the quokka. Your bite misses the quokka.
The quokka closely misses you.
You closely miss the quokka. The quokka bites you.
You scratch the quokka.
You kill the quokka!
You see here a quokka corpse.
You see here a quokka corpse.
You see here a +0 kite shield.
You see here a staff of earth.
You see here a staff of earth.
A goblin comes into view. It is wielding a +0 club.
A goblin comes into view. It is wielding a +0 dagger.
The goblin shouts!
You open the door.
The goblin hits the bush but does no damage.
The goblin hits you with a +0 dagger.
Ouch! That really hurt!
You die...
PPPPP #P ..P.. ##PPP.P.P #..gP...P ######.P.P.P.P ......P...P.P ####### #.###PPPgPPPPPPP

......# #.......@......#
..8.8.###.......######.#
.......##..[....'......
......8##.......#.#####
..###..##.......#.#
..#s#...#|......# #
..#S#..8#.......#.
..#w#....†.........
..#l#..8#....#....#


You could see 2 goblins.

Vanquished Creatures
  A quokka (D:1)
  A frilled lizard (D:1)
2 creatures vanquished.

Notes
Turn   | Place    | Note
-------+----------+-------------------------------------------
     0 | D:1      | kittymaster the Felid Enchanter began the quest for the
                  | Orb.
     0 | D:1      | Reached XP level 1. HP: 7/7 MP: 4/4
     6 | D:1      | Noticed a redback
     6 | D:1      | Noticed a black mamba
     6 | D:1      | Noticed a swamp worm
     7 | D:1      | Noticed a komodo dragon
     7 | D:1      | Noticed a polar bear
    65 | D:1      | Slain by a goblin

Illustrated notes

Levels and vault maps discovered:
D:1:      onia_arrival_zoo_common, layout_basic,
          chequers_ecumenical_altar_island, minmay_misc_feat_iff,
          minmay_hedge_maze, st_stairs_6

Action                   || total
-------------------------++-------
Melee: Unarmed           ||     6
Dodge: Dodged            ||     3
